Workbook

Sheet Lignes des factures
A1: *InvoiceNo | B1: *Customer | C1: Ensemble | D1: Référence | E1: Libellé | F1: Quantité | G1: Prix unitaire | H1: Coef Mat. | I1: Total Mat. | J1: Coef M.O. | K1: Taux M.O. | L1: M.O. unit. | M1: M.O. total | N1: Total M.O. HT | O1: Temps de pose | P1: PV unit. | Q1: Total | R1: TVA | S1: Ventilation 1 | T1: Ventilation 2 | U1: Unité
A2: 190001 | B2: =IFERROR(INDEX(Export!B:B,MATCH('Lignes des factures'!A2,Export!A:A,0)),"") -> aaaa | D2: VYN 667025 | E2: EP30 DISJONCTEUR 3KA 2P C 16A | F2: 600000 | G2: 486500 | H2: 130000 | I2: 3792000 | J2: 180000 | K2: 20.00 | L2: 0.00000 | M2: 0.00000 | N2: 0.00000 | P2: 632000 | Q2: 3792000 | R2: 0.06 | U2: P
A3: 190001 | B3: =IFERROR(INDEX(Export!B:B,MATCH('Lignes des factures'!A3,Export!A:A,0)),"") -> aaaa | D3: VYN 667023 | E3: EP30 DISJONCTEUR 3KA 2P C 10A | F3: 200000 | G3: 641250 | H3: 123000 | I3: 1578000 | J3: 180000 | K3: 20.00 | L3: 0.00000 | M3: 0.00000 | N3: 0.00000 | P3: 789000 | Q3: 1578000 | R3: 0.06 | U3: P
A4: 190001 | B4: =IFERROR(INDEX(Export!B:B,MATCH('Lignes des factures'!A4,Export!A:A,0)),"") -> aaaa | D4: VYN 667028 | E4: EP30 DISJONCTEUR 3KA 2P C 32A | F4: 100000 | G4: 1285830 | H4: 123000 | I4: 1582000 | J4: 180000 | K4: 20.00 | L4: 0.00000 | M4: 0.00000 | N4: 0.00000 | P4: 1582000 | Q4: 1582000 | R4: 0.06 | U4: P
A5: 190001 | B5: =IFERROR(INDEX(Export!B:B,MATCH('Lignes des factures'!A5,Export!A:A,0)),"") -> aaaa | D5: VYN 604311 | E5: DIFF-O-JUMP INTERRUPTEUR DIFFERENTIEL TYPE A 4P 63A 300MA | F5: 100000 | G5: 6056160 | H5: 123000 | I5: 7449000 | J5: 180000 | K5: 20.00 | L5: 0.00000 | M5: 0.00000 | N5: 0.00000 | P5: 7449000 | Q5: 7449000 | R5: 0.06 | U5: P
A6: 190001 | B6: =IFERROR(INDEX(Export!B:B,MATCH('Lignes des factures'!A6,Export!A:A,0)),"") -> aaaa | D6: VYN 604310 | E6: DIFF-O-JUMP INTERRUPTEUR DIFFERENTIEL TYPE A 4P 63A 30MA | F6: 100000 | G6: 7196800 | H6: 123000 | I6: 8852000 | J6: 180000 | K6: 20.00 | L6: 0.00000 | M6: 0.00000 | N6: 0.00000 | P6: 8852000 | Q6: 8852000 | R6: 0.06 | U6: P
A7: 190001 | B7: =IFERROR(INDEX(Export!B:B,MATCH('Lignes des factures'!A7,Export!A:A,0)),"") -> aaaa | D7: FTG 715 | E7: PEIGNE ISOLE FOURCHE 2P 10M | F7: 200000 | G7: 1491110 | H7: 123000 | I7: 3668000 | J7: 180000 | K7: 20.00 | L7: 0.00000 | M7: 0.00000 | N7: 0.00000 | P7: 1834000 | Q7: 3668000 | R7: 0.06 | U7: P
A8: 190001 | B8: =IFERROR(INDEX(Export!B:B,MATCH('Lignes des factures'!A8,Export!A:A,0)),"") -> aaaa | D8: ENSEDIVERS | E8: DIVERS FOURNITURE | F8: 100000 | G8: 500000 | H8: 123000 | I8: 615000 | J8: 180000 | K8: 20.00 | L8: 0.00000 | M8: 0.00000 | N8: 0.00000 | P8: 615000 | Q8: 615000 | R8: 0.06 | U8: P
A9: 190001 | B9: =IFERROR(INDEX(Export!B:B,MATCH('Lignes des factures'!A9,Export!A:A,0)),"") -> aaaa | D9: ENSEMO | E9: MAIN D'OEUVRE | F9: 800000 | G9: 0.00000 | H9: 123000 | I9: 0.00000 | J9: 180000 | K9: 20.00 | L9: 100000 | M9: 800000 | N9: 28800000 | P9: 3600000 | Q9: 28800000 | R9: 0.06 | U9: P
A10: 190001 | B10: =IFERROR(INDEX(Export!B:B,MATCH('Lignes des factures'!A10,Export!A:A,0)),"") -> aaaa | E10: DÉPLACEMENT | F10: 100000 | G10: 0.00000 | H10: 133000 | I10: 0.00000 | J10: 180000 | K10: 20.00 | L10: 100000 | M10: 100000 | N10: 3600000 | P10: 3600000 | Q10: 3600000 | R10: 0.06 | U10: Eenh
A11: 190002 | B11: =IFERROR(INDEX(Export!B:B,MATCH('Lignes des factures'!A11,Export!A:A,0)),"") -> aba | D11: RZB 221175.002 | E11: PLAFONNIER ET APPLIQUE IP40 RZB HOME 501 D300 LED 18W 1650LM 830 | F11: 100000 | G11: 5961250 | H11: 100000 | I11: 5961000 | J11: 100000 | K11: 30.00 | L11: 0.00000 | M11: 0.00000 | N11: 0.00000 | P11: 5961000 | Q11: 5961000 | R11: 0.06 | U11: P
A12: 190002 | B12: =IFERROR(INDEX(Export!B:B,MATCH('Lignes des factures'!A12,Export!A:A,0)),"") -> aba | D12: ENSEMO | E12: MAIN D'OEUVRE | F12: 100000 | G12: 0.00000 | H12: 100000 | I12: 0.00000 | J12: 100000 | K12: 30.00 | L12: 100000 | M12: 100000 | N12: 3000000 | P12: 3000000 | Q12: 3000000 | R12: 0.06 | U12: P
A13: 190003 | B13: =IFERROR(INDEX(Export!B:B,MATCH('Lignes des factures'!A13,Export!A:A,0)),"") -> bcdez | D13: LEG 403116 | E13: DISJONCTEUR TX3 3000A 2P C16 230/400V - 2 MODULES | F13: 400000 | G13: 484210 | H13: 120000 | I13: 2324000 | J13: 180000 | K13: 20.00 | L13: 0.00000 | M13: 0.00000 | N13: 0.00000 | P13: 581000 | Q13: 2324000 | R13: 0.06 | U13: P
A14: 190003 | B14: =IFERROR(INDEX(Export!B:B,MATCH('Lignes des factures'!A14,Export!A:A,0)),"") -> bcdez | D14: VYN 610183 | E14: COFFRET FOR STANDARD PORTE PLEINE 2 RANGEES 28 MODULES | F14: 100000 | G14: 8045340 | H14: 120000 | I14: 9654000 | J14: 180000 | K14: 20.00 | L14: 0.00000 | M14: 0.00000 | N14: 0.00000 | P14: 9654000 | Q14: 9654000 | R14: 0.06 | U14: P
A15: 190003 | B15: =IFERROR(INDEX(Export!B:B,MATCH('Lignes des factures'!A15,Export!A:A,0)),"") -> bcdez | D15: LEG 403130 | E15: DISJONCTEUR TX3 3000A 3P C40 400V - 3 MODULES | F15: 200000 | G15: 2551250 | H15: 120000 | I15: 6124000 | J15: 180000 | K15: 20.00 | L15: 0.00000 | M15: 0.00000 | N15: 0.00000 | P15: 3062000 | Q15: 6124000 | R15: 0.06 | U15: P
A16: 190003 | B16: =IFERROR(INDEX(Export!B:B,MATCH('Lignes des factures'!A16,Export!A:A,0)),"") -> bcdez | D16: LEG 411932 | E16: INTERRUPTEUR DIFFERENTIEL TX3 4P 30MA 40A TYPE A - 4 MODULES - CONVIENT POUR DES INSTALLATIONS DOMESTIQUES | F16: 100000 | G16: 4318820 | H16: 120000 | I16: 5183000 | J16: 180000 | K16: 20.00 | L16: 0.00000 | M16: 0.00000 | N16: 0.00000 | P16: 5183000 | Q16: 5183000 | R16: 0.06 | U16: P
A17: 190003 | B17: =IFERROR(INDEX(Export!B:B,MATCH('Lignes des factures'!A17,Export!A:A,0)),"") -> bcdez | D17: HEL 34623 | E17: MANCHON PP 20MM GRIS CLAIR RAL 7035 | F17: 1000000 | G17: 0.10310 | H17: 120000 | I17: 120000 | J17: 180000 | K17: 20.00 | L17: 0.00000 | M17: 0.00000 | N17: 0.00000 | P17: 0.12000 | Q17: 120000 | R17: 0.06 | U17: P
A18: 190003 | B18: =IFERROR(INDEX(Export!B:B,MATCH('Lignes des factures'!A18,Export!A:A,0)),"") -> bcdez | D18: HEL 34513 | E18: CONNEXION, ENTREES D 16 MM - GRIS | F18: 2500000 | G18: 0.04350 | H18: 120000 | I18: 125000 | J18: 180000 | K18: 20.00 | L18: 0.00000 | M18: 0.00000 | N18: 0.00000 | P18: 0.05000 | Q18: 125000 | R18: 0.06 | U18: P
A19: 190003 | B19: =IFERROR(INDEX(Export!B:B,MATCH('Lignes des factures'!A19,Export!A:A,0)),"") -> bcdez | D19: OBO 2149010 | E19: ATTACHE QUICK M20 GRIS CLAIR | F19: 10000000 | G19: 0.16000 | H19: 120000 | I19: 1900000 | J19: 180000 | K19: 20.00 | L19: 0.00000 | M19: 0.00000 | N19: 0.00000 | P19: 0.19000 | Q19: 1900000 | R19: 0.06 | U19: P
A20: 190003 | B20: =IFERROR(INDEX(Export!B:B,MATCH('Lignes des factures'!A20,Export!A:A,0)),"") -> bcdez | D20: OBO 2149559 | E20: ATTACHE QUICK M16 NOIR | F20: 10000000 | G20: 0.16510 | H20: 120000 | I20: 2000000 | J20: 180000 | K20: 20.00 | L20: 0.00000 | M20: 0.00000 | N20: 0.00000 | P20: 0.20000 | Q20: 2000000 | R20: 0.06 | U20: P
A21: 190003 | B21: =IFERROR(INDEX(Export!B:B,MATCH('Lignes des factures'!A21,Export!A:A,0)),"") -> bcdez | D21: BIZ BIZ 730700 | E21: TRIANGLES DANGER ÉLECTRIQUE 50X50 (30) | F21: 0.06000 | G21: 902260 | H21: 120000 | I21: 0.65000 | J21: 180000 | K21: 20.00 | L21: 0.00000 | M21: 0.00000 | N21: 0.00000 | P21: 1083000 | Q21: 0.65000 | R21: 0.06 | U21: P
A22: 190003 | B22: =IFERROR(INDEX(Export!B:B,MATCH('Lignes des factures'!A22,Export!A:A,0)),"") -> bcdez | D22: BPP 3X240V 85K1 | E22: MARQUEUR VOLTAGE 35X70MM 3X240 | F22: 300000 | G22: 0.40530 | H22: 120000 | I22: 147000 | J22: 180000 | K22: 20.00 | L22: 0.00000 | M22: 0.00000 | N22: 0.00000 | P22: 0.49000 | Q22: 147000 | R22: 0.06 | U22: P
A23: 190003 | B23: =IFERROR(INDEX(Export!B:B,MATCH('Lignes des factures'!A23,Export!A:A,0)),"") -> bcdez | D23: NIK 170-32100 | E23: SOCLE POUR PRISE AVEC BROCHE DE TERRE ET SECURITE-ENFANTS, PROFONDEUR 21MM | F23: 200000 | G23: 329220 | H23: 120000 | I23: 790000 | J23: 180000 | K23: 20.00 | L23: 0.00000 | M23: 0.00000 | N23: 0.00000 | P23: 395000 | Q23: 790000 | R23: 0.06 | U23: P
A24: 190003 | B24: =IFERROR(INDEX(Export!B:B,MATCH('Lignes des factures'!A24,Export!A:A,0)),"") -> bcdez | D24: NIK 100-66500 | E24: PRISE SANS TERRE AVEC SECURITE-ENFANTS, PROFONDEUR 21MM, SOCLE ET SET DE FINITION CREAM | F24: 1200000 | G24: 317870 | H24: 120000 | I24: 4572000 | J24: 180000 | K24: 20.00 | L24: 0.00000 | M24: 0.00000 | N24: 0.00000 | P24: 381000 | Q24: 4572000 | R24: 0.06 | U24: P
A25: 190003 | B25: =IFERROR(INDEX(Export!B:B,MATCH('Lignes des factures'!A25,Export!A:A,0)),"") -> bcdez | D25: LEG 034386 | E25: CONNECTEUR EQUIPOTENTIEL 18/22MM 1/4 DE TOUR CONNEXION | F25: 200000 | G25: 244120 | H25: 120000 | I25: 586000 | J25: 180000 | K25: 20.00 | L25: 0.00000 | M25: 0.00000 | N25: 0.00000 | P25: 293000 | Q25: 586000 | R25: 0.06 | U25: P
A26: 190003 | B26: =IFERROR(INDEX(Export!B:B,MATCH('Lignes des factures'!A26,Export!A:A,0)),"") -> bcdez | D26: KLE 542003 | E26: COLLIER (BANDE) DE TERRE 17,5À | F26: 400000 | G26: 276850 | H26: 120000 | I26: 1328000 | J26: 180000 | K26: 20.00 | L26: 0.00000 | M26: 0.00000 | N26: 0.00000 | P26: 332000 | Q26: 1328000 | R26: 0.06 | U26: P
A27: 190003 | B27: =IFERROR(INDEX(Export!B:B,MATCH('Lignes des factures'!A27,Export!A:A,0)),"") -> bcdez | D27: NIK 100-80200 | E27: KIT EN SAILLIE DOUBLE POUR MONTAGE EN SAILLIE DE 2 APPAREILS A ENCASTRER, CREAM | F27: 100000 | G27: 437810 | H27: 120000 | I27: 525000 | J27: 180000 | K27: 20.00 | L27: 0.00000 | M27: 0.00000 | N27: 0.00000 | P27: 525000 | Q27: 525000 | R27: 0.06 | U27: P
A28: 190003 | B28: =IFERROR(INDEX(Export!B:B,MATCH('Lignes des factures'!A28,Export!A:A,0)),"") -> bcdez | D28: LEG 080051 | E28: BATIBOX BOITE D'ENCASTREMENT MONOPOSTE POUR CLOISONS CREUSES - 1 POSTE - PROFONDEUR 50 MM | F28: 200000 | G28: 127950 | H28: 120000 | I28: 308000 | J28: 180000 | K28: 20.00 | L28: 0.00000 | M28: 0.00000 | N28: 0.00000 | P28: 154000 | Q28: 308000 | R28: 0.06 | U28: P
A29: 190003 | B29: =IFERROR(INDEX(Export!B:B,MATCH('Lignes des factures'!A29,Export!A:A,0)),"") -> bcdez | D29: NIK 170-68600 | E29: SOCLE UNIVERSEL AVEC FIXATION A GRIFFES | F29: 200000 | G29: 101690 | H29: 120000 | I29: 244000 | J29: 180000 | K29: 20.00 | L29: 0.00000 | M29: 0.00000 | N29: 0.00000 | P29: 122000 | Q29: 244000 | R29: 0.06 | U29: P
A30: 190003 | B30: =IFERROR(INDEX(Export!B:B,MATCH('Lignes des factures'!A30,Export!A:A,0)),"") -> bcdez | D30: NIK 100-66501 | E30: SET DE FINITION POUR PRISE DE COURANT SANS MISE A LA TERRE, AVEC SECURITE-ENFANTS, PROFONDEUR D'ENCASTREMENT 21 MM, CREAM | F30: 500000 | G30: 111060 | H30: 120000 | I30: 665000 | J30: 180000 | K30: 20.00 | L30: 0.00000 | M30: 0.00000 | N30: 0.00000 | P30: 133000 | Q30: 665000 | R30: 0.06 | U30: P
A31: 190003 | B31: =IFERROR(INDEX(Export!B:B,MATCH('Lignes des factures'!A31,Export!A:A,0)),"") -> bcdez | D31: FLX RX5G15 | E31: TUBE ANNELE PRECABLE REXFLEX VOB HO7V-U 5G1.5 DIAMETRE 5/8 16MM ROULEAU 100M D16 R100 | F31: 1000000 | G31: 0.83580 | H31: 120000 | I31: 1000000 | J31: 180000 | K31: 20.00 | L31: 0.00000 | M31: 0.00000 | N31: 0.00000 | P31: 100000 | Q31: 1000000 | R31: 0.06 | U31: P
A32: 190003 | B32: =IFERROR(INDEX(Export!B:B,MATCH('Lignes des factures'!A32,Export!A:A,0)),"") -> bcdez | D32: NIK 101-61600 | E32: INTERRUPTEUR VA-ET-VIENT, SOCLE ET SET DE FINITION WHITE | F32: 200000 | G32: 376830 | H32: 120000 | I32: 904000 | J32: 180000 | K32: 20.00 | L32: 0.00000 | M32: 0.00000 | N32: 0.00000 | P32: 452000 | Q32: 904000 | R32: 0.06 | U32: P
A33: 190003 | B33: =IFERROR(INDEX(Export!B:B,MATCH('Lignes des factures'!A33,Export!A:A,0)),"") -> bcdez | D33: NIK 100-80100 | E33: KIT EN SAILLIE SIMPLE POUR MONTAGE EN SAILLIE D 1 APPAREIL A ENCASTRER, CREAM | F33: 200000 | G33: 250710 | H33: 120000 | I33: 602000 | J33: 180000 | K33: 20.00 | L33: 0.00000 | M33: 0.00000 | N33: 0.00000 | P33: 301000 | Q33: 602000 | R33: 0.06 | U33: P
A34: 190003 | B34: =IFERROR(INDEX(Export!B:B,MATCH('Lignes des factures'!A34,Export!A:A,0)),"") -> bcdez | D34: NIK 101-76100 | E34: ORIGINAL WHITE PLAQUE DE RECOUVREMENT SIMPLE | F34: 300000 | G34: 0.98360 | H34: 120000 | I34: 354000 | J34: 180000 | K34: 20.00 | L34: 0.00000 | M34: 0.00000 | N34: 0.00000 | P34: 118000 | Q34: 354000 | R34: 0.06 | U34: P
A35: 190003 | B35: =IFERROR(INDEX(Export!B:B,MATCH('Lignes des factures'!A35,Export!A:A,0)),"") -> bcdez | D35: NIK 101-76800 | E35: ORIGINAL WHITE PLAQUE DE RECOUVREMENT DOUBLE, ENTRAXE 71MM | F35: 100000 | G35: 220120 | H35: 120000 | I35: 264000 | J35: 180000 | K35: 20.00 | L35: 0.00000 | M35: 0.00000 | N35: 0.00000 | P35: 264000 | Q35: 264000 | R35: 0.06 | U35: P
A36: 190003 | B36: =IFERROR(INDEX(Export!B:B,MATCH('Lignes des factures'!A36,Export!A:A,0)),"") -> bcdez | C36: 1 | D36: ENSENIKPCH2E2V | E36: PRISES DOUBLES HERMÉTIQUES VERTICALES 2 ENTRÉES NIKO | F36: 200000 | G36: 1489510 | H36: 143000 | I36: 4260000 | J36: 180000 | K36: 20.00 | L36: 0.00000 | M36: 0.00000 | N36: 0.00000 | P36: 2130000 | Q36: 4260000 | R36: 0.06 | U36: SET
A37: 190003 | B37: =IFERROR(INDEX(Export!B:B,MATCH('Lignes des factures'!A37,Export!A:A,0)),"") -> bcdez | E37: APPAREILLAGE | F37: 0.00000 | G37: 0.00000 | H37: 0.00000 | I37: 0.00000 | J37: 0.00000 | K37: 0.00 | L37: 0.00000 | M37: 0.00000 | N37: 0.00000 | P37: 0.00000 | Q37: 0.00000
A38: 190003 | B38: =IFERROR(INDEX(Export!B:B,MATCH('Lignes des factures'!A38,Export!A:A,0)),"") -> bcdez | D38: NIK 700-84202 | E38: NEW HYDRO BOÎTIER EN SAILLIE VERTICAL ETANCHE AUX PROJECTIONS D EAU POURVU D UNE ENTREE M20 DOUBLE POUR L ENCASTREMENT DE DEUX FONCTIONS | F38: 100000 | G38: 476700 | H38: 143000 | I38: 682000 | J38: 180000 | K38: 20.00 | L38: 0.00000 | M38: 0.00000 | N38: 0.00000 | P38: 682000 | Q38: 682000 | R38: 0.06 | U38: P
A39: 190003 | B39: =IFERROR(INDEX(Export!B:B,MATCH('Lignes des factures'!A39,Export!A:A,0)),"") -> bcdez | D39: NIK 700-36600 | E39: NEW HYDRO PRISE ETANCHE AUX PROJECTIONS D'EAU, AVEC BROCHE DE TERRE, ECLIPSES ET BORNES DE RACCORDEMENT A VIS, SANS BOITIER EN SAILLIE | F39: 200000 | G39: 506590 | H39: 143000 | I39: 1448000 | J39: 180000 | K39: 20.00 | L39: 0.00000 | M39: 0.00000 | N39: 0.00000 | P39: 724000 | Q39: 1448000 | R39: 0.06 | U39: P
A40: 190003 | B40: =IFERROR(INDEX(Export!B:B,MATCH('Lignes des factures'!A40,Export!A:A,0)),"") -> bcdez | C40: 1 | D40: Fin ensemble | F40: 0.00000 | G40: 0.00000 | H40: 0.00000 | I40: 0.00000 | J40: 0.00000 | K40: 0.00 | L40: 0.00000 | M40: 0.00000 | N40: 0.00000 | P40: 0.00000 | Q40: 0.00000
A41: 190003 | B41: =IFERROR(INDEX(Export!B:B,MATCH('Lignes des factures'!A41,Export!A:A,0)),"") -> bcdez | C41: 2 | D41: ENSENIKPCH1E | E41: PRISE HERMÉTIQUE 1 ENTRÉE NIKO | F41: 100000 | G41: 663636 | H41: 143000 | I41: 949000 | J41: 180000 | K41: 20.00 | L41: 0.00000 | M41: 0.00000 | N41: 0.00000 | P41: 949000 | Q41: 949000 | R41: 0.06 | U41: SET
A42: 190003 | B42: =IFERROR(INDEX(Export!B:B,MATCH('Lignes des factures'!A42,Export!A:A,0)),"") -> bcdez | E42: APPAREILLAGE | F42: 0.00000 | G42: 0.00000 | H42: 0.00000 | I42: 0.00000 | J42: 0.00000 | K42: 0.00 | L42: 0.00000 | M42: 0.00000 | N42: 0.00000 | P42: 0.00000 | Q42: 0.00000
A43: 190003 | B43: =IFERROR(INDEX(Export!B:B,MATCH('Lignes des factures'!A43,Export!A:A,0)),"") -> bcdez | D43: NIK 700-84101 | E43: NEW HYDRO BOITIER EN SAILLIE ETANCHE AUX PROJECTIONS D'EAU POURVU D UNE ENTREE M20 POUR L ENCASTREMENT D'UNE FONCTION | F43: 100000 | G43: 157010 | H43: 143000 | I43: 225000 | J43: 180000 | K43: 20.00 | L43: 0.00000 | M43: 0.00000 | N43: 0.00000 | P43: 225000 | Q43: 225000 | R43: 0.06 | U43: P
A44: 190003 | B44: =IFERROR(INDEX(Export!B:B,MATCH('Lignes des factures'!A44,Export!A:A,0)),"") -> bcdez | D44: NIK 700-36600 | E44: NEW HYDRO PRISE ETANCHE AUX PROJECTIONS D'EAU, AVEC BROCHE DE TERRE, ECLIPSES ET BORNES DE RACCORDEMENT A VIS, SANS BOITIER EN SAILLIE | F44: 100000 | G44: 506590 | H44: 143000 | I44: 724000 | J44: 180000 | K44: 20.00 | L44: 0.00000 | M44: 0.00000 | N44: 0.00000 | P44: 724000 | Q44: 724000 | R44: 0.06 | U44: P
A45: 190003 | B45: =IFERROR(INDEX(Export!B:B,MATCH('Lignes des factures'!A45,Export!A:A,0)),"") -> bcdez | C45: 2 | D45: Fin ensemble | F45: 0.00000 | G45: 0.00000 | H45: 0.00000 | I45: 0.00000 | J45: 0.00000 | K45: 0.00 | L45: 0.00000 | M45: 0.00000 | N45: 0.00000 | P45: 0.00000 | Q45: 0.00000
A46: 190003 | B46: =IFERROR(INDEX(Export!B:B,MATCH('Lignes des factures'!A46,Export!A:A,0)),"") -> bcdez | D46: NIK 123-66501 | E46: SET DE FINITION POUR PRISE DE COURANT SANS MISE A LA TERRE, AVEC SECURITE-ENFANTS, BRONZE | F46: 700000 | G46: 330660 | H46: 120000 | I46: 2779000 | J46: 180000 | K46: 20.00 | L46: 0.00000 | M46: 0.00000 | N46: 0.00000 | P46: 397000 | Q46: 2779000 | R46: 0.06 | U46: P
A47: 190003 | B47: =IFERROR(INDEX(Export!B:B,MATCH('Lignes des factures'!A47,Export!A:A,0)),"") -> bcdez | D47: NIK 123-77001 | E47: SET DE FINITION POUR RECEPTEUR RF ENCASTRE A 1 CANAL AVEC CONTACT UNIPOLAIRE (LIBRE DE POTENTIEL) OU RECEPTEUR RF ENCASTRE AVEC FONCTION DE COMMANDE DES VOLETS, BRONZE | F47: 100000 | G47: 445170 | H47: 120000 | I47: 534000 | J47: 180000 | K47: 20.00 | L47: 0.00000 | M47: 0.00000 | N47: 0.00000 | P47: 534000 | Q47: 534000 | R47: 0.06 | U47: P
A48: 190003 | B48: =IFERROR(INDEX(Export!B:B,MATCH('Lignes des factures'!A48,Export!A:A,0)),"") -> bcdez | D48: NIK 410-00001 | E48: SOCLE POUR INTERRUPTEUR SANS FIL A 2 CONTACTS | F48: 100000 | G48: 3354970 | H48: 120000 | I48: 4026000 | J48: 180000 | K48: 20.00 | L48: 0.00000 | M48: 0.00000 | N48: 0.00000 | P48: 4026000 | Q48: 4026000 | R48: 0.06 | U48: P
A49: 190003 | B49: =IFERROR(INDEX(Export!B:B,MATCH('Lignes des factures'!A49,Export!A:A,0)),"") -> bcdez | D49: NIK 05-331 | E49: RECEPTEUR A ENCASTRER RF A 1 CANAL, UNIPOLAIRE | F49: 100000 | G49: 6218890 | H49: 120000 | I49: 7463000 | J49: 180000 | K49: 20.00 | L49: 0.00000 | M49: 0.00000 | N49: 0.00000 | P49: 7463000 | Q49: 7463000 | R49: 0.06 | U49: P
A50: 190003 | B50: =IFERROR(INDEX(Export!B:B,MATCH('Lignes des factures'!A50,Export!A:A,0)),"") -> bcdez | D50: NIK 101-76901 | E50: CACHE-TROU, WHITE | F50: 100000 | G50: 143640 | H50: 120000 | I50: 172000 | J50: 180000 | K50: 20.00 | L50: 0.00000 | M50: 0.00000 | N50: 0.00000 | P50: 172000 | Q50: 172000 | R50: 0.06 | U50: P
A51: 190003 | B51: =IFERROR(INDEX(Export!B:B,MATCH('Lignes des factures'!A51,Export!A:A,0)),"") -> bcdez | D51: CBL XVB-CCA 3X2,5 0,6/1KV | E51: XVB-CCA 3X2,5 0,6/1KV | F51: 4000000 | G51: 110050 | H51: 120000 | I51: 5280000 | J51: 180000 | K51: 20.00 | L51: 0.00000 | M51: 0.00000 | N51: 0.00000 | P51: 132000 | Q51: 5280000 | R51: 0.06 | U51: P
A52: 190003 | B52: =IFERROR(INDEX(Export!B:B,MATCH('Lignes des factures'!A52,Export!A:A,0)),"") -> bcdez | D52: VYN 600656 | E52: FLEX-O-BOX JUNIOR - BOITE DE DERIVATION 2,5MM, VIDE, DIMENSIONS: 90,5 X 90,5 X 49 MM, ENTRÉES: 7 X M20 + 1 X M20 AU DOS | F52: 600000 | G52: 221370 | H52: 120000 | I52: 1596000 | J52: 180000 | K52: 20.00 | L52: 0.00000 | M52: 0.00000 | N52: 0.00000 | P52: 266000 | Q52: 1596000 | R52: 0.06 | U52: P
A53: 190003 | B53: =IFERROR(INDEX(Export!B:B,MATCH('Lignes des factures'!A53,Export!A:A,0)),"") -> bcdez | D53: FEL 161 | E53: SOCKET BAKELITE LISSE E27 - M10X1 NOIR | F53: 100000 | G53: 104530 | H53: 120000 | I53: 125000 | J53: 180000 | K53: 20.00 | L53: 0.00000 | M53: 0.00000 | N53: 0.00000 | P53: 125000 | Q53: 125000 | R53: 0.06 | U53: P
A54: 190003 | B54: =IFERROR(INDEX(Export!B:B,MATCH('Lignes des factures'!A54,Export!A:A,0)),"") -> bcdez | D54: WER 95589068 | E54: LAMPE A INCANDESCENCE 25W E27 230V | F54: 100000 | G54: 865580 | H54: 120000 | I54: 1039000 | J54: 180000 | K54: 20.00 | L54: 0.00000 | M54: 0.00000 | N54: 0.00000 | P54: 1039000 | Q54: 1039000 | R54: 0.06 | U54: P
A55: 190003 | B55: =IFERROR(INDEX(Export!B:B,MATCH('Lignes des factures'!A55,Export!A:A,0)),"") -> bcdez | D55: UNB L65806 | E55: FLEX STRIP MONOCHROME HIGH DENSITY 500CM 300 LEDS 24VDC - 72W CRI80 WARM WIT | F55: 100000 | G55: 10185000 | H55: 120000 | I55: 12222000 | J55: 180000 | K55: 20.00 | L55: 0.00000 | M55: 0.00000 | N55: 0.00000 | P55: 12222000 | Q55: 12222000 | R55: 0.06 | U55: P
A56: 190003 | B56: =IFERROR(INDEX(Export!B:B,MATCH('Lignes des factures'!A56,Export!A:A,0)),"") -> bcdez | D56: UNB L502410E | E56: POWER SUPPLY MONOCHROME IP67 24VDC - 100W | F56: 100000 | G56: 3561110 | H56: 120000 | I56: 4273000 | J56: 180000 | K56: 20.00 | L56: 0.00000 | M56: 0.00000 | N56: 0.00000 | P56: 4273000 | Q56: 4273000 | R56: 0.06 | U56: P
A57: 190003 | B57: =IFERROR(INDEX(Export!B:B,MATCH('Lignes des factures'!A57,Export!A:A,0)),"") -> bcdez | D57: UNB L693000 | E57: ALU PROFIEL 200CM VOOR PROLED FLEX STRIPS | F57: 300000 | G57: 1473190 | H57: 120000 | I57: 5304000 | J57: 180000 | K57: 20.00 | L57: 0.00000 | M57: 0.00000 | N57: 0.00000 | P57: 1768000 | Q57: 5304000 | R57: 0.06 | U57: P
... A63: 190003 | B63: =IFERROR(INDEX(Export!B:B,MATCH('Lignes des factures'!A63,Export!A:A,0)),"") -> bcdez | D63: VYN 600944 | E63: BARRETTE DE COUPURE DE TERRE AVEC BORNES EQUIPOTENTIELLES-DE TERRE | F63: 100000 | G63: 979950 | H63: 120000 | I63: 1176000 | J63: 180000 | K63: 20.00 | L63: 0.00000 | M63: 0.00000 | N63: 0.00000 | P63: 1176000 | Q63: 1176000 | R63: 0.06 | U63: P
A64: 190003 | B64: =IFERROR(INDEX(Export!B:B,MATCH('Lignes des factures'!A64,Export!A:A,0)),"") -> bcdez | D64: ENSEMO | E64: MAIN D'OEUVRE | F64: 1600000 | G64: 0.00000 | H64: 120000 | I64: 0.00000 | J64: 100000 | K64: 27.00 | L64: 100000 | M64: 1600000 | N64: 43200000 | P64: 2700000 | Q64: 43200000 | R64: 0.06 | U64: P
A65: 190003 | B65: =IFERROR(INDEX(Export!B:B,MATCH('Lignes des factures'!A65,Export!A:A,0)),"") -> bcdez | D65: REMISE | E65: REMISE HT 2EME TABLEAU | F65: 0.00000 | G65: 0.00000 | H65: 0.00000 | I65: 0.00000 | J65: 0.00000 | K65: 0.00 | L65: 0.00000 | M65: 0.00000 | N65: 0.00000 | P65: 148313000 | Q65: -3900000
A66: 190003 | B66: =IFERROR(INDEX(Export!B:B,MATCH('Lignes des factures'!A66,Export!A:A,0)),"") -> bcdez | F66: 0.00000 | G66: 0.00000 | H66: 0.00000 | I66: 0.00000 | J66: 0.00000 | K66: 0.00 | L66: 0.00000 | M66: 0.00000 | N66: 0.00000 | P66: 0.00000 | Q66: 0.00000
A67: 190004 | B67: =IFERROR(INDEX(Export!B:B,MATCH('Lignes des factures'!A67,Export!A:A,0)),"") -> thgarreah | D67: ENSEMO | E67: PRESTATIONS DIVERSES EFFECTUÉES POUR VOTRE COMPTE | F67: 100000 | G67: 231800000 | H67: 100000 | I67: 231800000 | J67: 100000 | K67: 25.00 | L67: 0.00000 | M67: 0.00000 | N67: 0.00000 | P67: 231800000 | Q67: 231800000 | R67: 0 | U67: P
A68: 190005 | B68: =IFERROR(INDEX(Export!B:B,MATCH('Lignes des factures'!A68,Export!A:A,0)),"") -> grg | D68: ENSEMO | E68: MAIN D'OEUVRE | F68: 400000 | G68: 0.00000 | H68: 143000 | I68: 0.00000 | J68: 180000 | K68: 20.00 | L68: 100000 | M68: 400000 | N68: 14400000 | P68: 3600000 | Q68: 14400000 | R68: 0.06 | U68: P
A69: 190006 | B69: =IFERROR(INDEX(Export!B:B,MATCH('Lignes des factures'!A69,Export!A:A,0)),"") -> VBE | D69: ENSEMO | E69: PRESTATIONS DIVERSES EFFECTUÉES POUR VOTRE COMPTE | F69: 100000 | G69: 185566000 | H69: 100000 | I69: 185566000 | J69: 100000 | K69: 25.00 | L69: 0.00000 | M69: 0.00000 | N69: 0.00000 | P69: 185566000 | Q69: 185566000 | R69: 0 | U69: P
A70: 190007 | B70: =IFERROR(INDEX(Export!B:B,MATCH('Lignes des factures'!A70,Export!A:A,0)),"") -> raehrhr | D70: ENSEMO | E70: MAIN D'OEUVRE | F70: 500000 | G70: 0.00000 | H70: 143000 | I70: 0.00000 | J70: 150000 | K70: 20.00 | L70: 100000 | M70: 500000 | N70: 15000000 | P70: 3000000 | Q70: 15000000 | R70: 0.06 | U70: P
A71: 190007 | B71: =IFERROR(INDEX(Export!B:B,MATCH('Lignes des factures'!A71,Export!A:A,0)),"") -> raehrhr | E71: PARKING | F71: 500000 | G71: 250000 | H71: 100000 | I71: 1250000 | J71: 180000 | K71: 20.00 | L71: 0.00000 | M71: 0.00000 | N71: 0.00000 | P71: 250000 | Q71: 1250000 | R71: 0 | U71: P
A72: 190007 | B72: =IFERROR(INDEX(Export!B:B,MATCH('Lignes des factures'!A72,Export!A:A,0)),"") -> raehrhr | E72: HOOKS AND SCREWS | F72: 100000 | G72: 500000 | H72: 100000 | I72: 500000 | J72: 180000 | K72: 20.00 | L72: 0.00000 | M72: 0.00000 | N72: 0.00000 | P72: 500000 | Q72: 500000 | R72: 0.06
A73: 190008 | B73: =IFERROR(INDEX(Export!B:B,MATCH('Lignes des factures'!A73,Export!A:A,0)),"") -> VBE | F73: 0.00000 | G73: 0.00000 | H73: 0.00000 | I73: 0.00000 | J73: 0.00000 | K73: 0.00 | L73: 0.00000 | M73: 0.00000 | N73: 0.00000 | P73: 0.00000 | Q73: 0.00000
A74: 190008 | B74: =IFERROR(INDEX(Export!B:B,MATCH('Lignes des factures'!A74,Export!A:A,0)),"") -> VBE | D74: SLV-147360 | E74: SPOT PLAFONNIER CARRÉ PURI 1 L8 CM - NOIR MAT | F74: 400000 | G74: 3490000 | H74: 133000 | I74: 18568000 | J74: 180000 | K74: 20.00 | L74: 0.00000 | M74: 0.00000 | N74: 0.00000 | P74: 4642000 | Q74: 18568000 | R74: 0.06
A75: 190008 | B75: =IFERROR(INDEX(Export!B:B,MATCH('Lignes des factures'!A75,Export!A:A,0)),"") -> VBE | D75: SLV-148530 | E75: APPLIQUE DIRECTIONNELLE ORIENTABLE PHELIA H25 CM - NOIR | F75: 200000 | G75: 8990000 | H75: 133000 | I75: 23914000 | J75: 180000 | K75: 20.00 | L75: 0.00000 | M75: 0.00000 | N75: 0.00000 | P75: 11957000 | Q75: 23914000 | R75: 0.06
A76: 190008 | B76: =IFERROR(INDEX(Export!B:B,MATCH('Lignes des factures'!A76,Export!A:A,0)),"") -> VBE | D76: LUCI-12219-02-30 | E76: APPLIQUE MURALE ALUMINIUM OVALIS - NOIR | F76: 200000 | G76: 3400000 | H76: 133000 | I76: 9044000 | J76: 180000 | K76: 20.00 | L76: 0.00000 | M76: 0.00000 | N76: 0.00000 | P76: 4522000 | Q76: 9044000 | R76: 0.06
A77: 190008 | B77: =IFERROR(INDEX(Export!B:B,MATCH('Lignes des factures'!A77,Export!A:A,0)),"") -> VBE | E77: AMPOULE LEDCL40W B35 E14 | F77: 400000 | G77: 702000 | H77: 133000 | I77: 3736000 | J77: 180000 | K77: 20.00 | L77: 0.00000 | M77: 0.00000 | N77: 0.00000 | P77: 934000 | Q77: 3736000 | R77: 0.06
A78: 190008 | B78: =IFERROR(INDEX(Export!B:B,MATCH('Lignes des factures'!A78,Export!A:A,0)),"") -> VBE | D78: OSR 4052899957879 | E78: PARATHOM PRO PAR16 5036DEG 6,1W/940 GU10 | F78: 500000 | G78: 745000 | H78: 133000 | I78: 4955000 | J78: 180000 | K78: 20.00 | L78: 0.00000 | M78: 0.00000 | N78: 0.00000 | P78: 991000 | Q78: 4955000 | R78: 0.06 | U78: P
A79: 190008 | B79: =IFERROR(INDEX(Export!B:B,MATCH('Lignes des factures'!A79,Export!A:A,0)),"") -> VBE | E79: ECO-TAXE | F79: 500000 | G79: 0.08260 | H79: 100000 | I79: 0.40000 | J79: 180000 | K79: 20.00 | L79: 0.00000 | M79: 0.00000 | N79: 0.00000 | P79: 0.08000 | Q79: 0.40000 | R79: 0.06 | U79: P
A80: 190008 | B80: =IFERROR(INDEX(Export!B:B,MATCH('Lignes des factures'!A80,Export!A:A,0)),"") -> VBE | D80: CBL H05VV-F ECA 3G1,5 300/500 V | E80: VTMB H05VV-F ECA 3G1,5 CABLE DE RACCORDEMENT SOUPLE PVC NOIR 300/500V 70 DEG C ROULEAU 100M ECA EN 50575:2014/A1:2016 | F80: 1000000 | G80: 0.76000 | H80: 133000 | I80: 1010000 | J80: 180000 | K80: 20.00 | L80: 0.00000 | M80: 0.00000 | N80: 0.00000 | P80: 101000 | Q80: 1010000 | R80: 0.06 | U80: P
A81: 190008 | B81: =IFERROR(INDEX(Export!B:B,MATCH('Lignes des factures'!A81,Export!A:A,0)),"") -> VBE | D81: LEG 092001 | E81: BOITE DE DERIVATION RONDE PLEXO IP 55 - ETANCHE - AVEC COUVERCLE ENCLIPSABLE - GRIS RAL 7035 - 4 EMBOUTS - DIAMETRE 60 MM - HAUTEUR 40 MM | F81: 400000 | G81: 161350 | H81: 133000 | I81: 860000 | J81: 180000 | K81: 20.00 | L81: 0.00000 | M81: 0.00000 | N81: 0.00000 | P81: 215000 | Q81: 860000 | R81: 0.06 | U81: P
A82: 190008 | B82: =IFERROR(INDEX(Export!B:B,MATCH('Lignes des factures'!A82,Export!A:A,0)),"") -> VBE | E82: DIVERS | F82: 100000 | G82: 500000 | H82: 133000 | I82: 665000 | J82: 180000 | K82: 20.00 | L82: 0.00000 | M82: 0.00000 | N82: 0.00000 | P82: 665000 | Q82: 665000 | R82: 0.06
A83: 190008 | B83: =IFERROR(INDEX(Export!B:B,MATCH('Lignes des factures'!A83,Export!A:A,0)),"") -> VBE | E83: PARKING | F83: 100000 | G83: 1000000 | H83: 133000 | I83: 1330000 | J83: 180000 | K83: 20.00 | L83: 0.00000 | M83: 0.00000 | N83: 0.00000 | P83: 1330000 | Q83: 1330000 | R83: 0.06
A84: 190008 | B84: =IFERROR(INDEX(Export!B:B,MATCH('Lignes des factures'!A84,Export!A:A,0)),"") -> VBE | D84: ENSEMO | E84: MAIN D'OEUVRE | F84: 800000 | G84: 0.00000 | H84: 133000 | I84: 0.00000 | J84: 180000 | K84: 20.00 | L84: 100000 | M84: 800000 | N84: 28800000 | P84: 3600000 | Q84: 28800000 | R84: 0.06 | U84: P
A85: 190009 | B85: =IFERROR(INDEX(Export!B:B,MATCH('Lignes des factures'!A85,Export!A:A,0)),"") -> grar | F85: 0.00000 | G85: 0.00000 | H85: 0.00000 | I85: 0.00000 | J85: 0.00000 | K85: 0.00 | L85: 0.00000 | M85: 0.00000 | N85: 0.00000 | P85: 0.00000 | Q85: 0.00000
A86: 190009 | B86: =IFERROR(INDEX(Export!B:B,MATCH('Lignes des factures'!A86,Export!A:A,0)),"") -> grar | E86: Divers | F86: 100000 | G86: 500000 | H86: 100000 | I86: 500000 | J86: 180000 | K86: 20.00 | L86: 0.00000 | M86: 0.00000 | N86: 0.00000 | P86: 500000 | Q86: 500000 | R86: 0.06
A87: 190009 | B87: =IFERROR(INDEX(Export!B:B,MATCH('Lignes des factures'!A87,Export!A:A,0)),"") -> grar | E87: Parking | F87: 100000 | G87: 500000 | H87: 100000 | I87: 500000 | J87: 180000 | K87: 20.00 | L87: 0.00000 | M87: 0.00000 | N87: 0.00000 | P87: 500000 | Q87: 500000 | R87: 0.06
A88: 190009 | B88: =IFERROR(INDEX(Export!B:B,MATCH('Lignes des factures'!A88,Export!A:A,0)),"") -> grar | D88: ENSEMO | E88: Main d'oeuvre | F88: 500000 | G88: 0.00000 | H88: 133000 | I88: 0.00000 | J88: 180000 | K88: 20.00 | L88: 100000 | M88: 500000 | N88: 18000000 | P88: 3600000 | Q88: 18000000 | R88: 0.06 | U88: P
A89: 190009 | B89: =IFERROR(INDEX(Export!B:B,MATCH('Lignes des factures'!A89,Export!A:A,0)),"") -> grar | D89: NIK 101-65158 | E89: Combinaison d'une connexion coaxiale et rj45 utp cat5e, execution plate, support d'encastrement avec dimensions interieures 45 x 45 mm et dimensions exterieures 60 x 71 mm, socle et set de finition white. agreation telenet interkabel. | F89: 200000 | G89: 1923860 | H89: 120000 | I89: 4618000 | J89: 180000 | K89: 20.00 | L89: 0.00000 | M89: 0.00000 | N89: 0.00000 | P89: 2309000 | Q89: 4618000 | R89: 0.06 | U89: P
A90: 190009 | B90: =IFERROR(INDEX(Export!B:B,MATCH('Lignes des factures'!A90,Export!A:A,0)),"") -> grar | E90: Eco-taxe | F90: 200000 | G90: 0.01000 | H90: 100000 | I90: 0.02000 | J90: 180000 | K90: 20.00 | L90: 0.00000 | M90: 0.00000 | N90: 0.00000 | P90: 0.01000 | Q90: 0.02000 | R90: 0.06 | U90: P
A91: 190009 | B91: =IFERROR(INDEX(Export!B:B,MATCH('Lignes des factures'!A91,Export!A:A,0)),"") -> grar | D91: NIK 101-66600 | E91: Prise de courant avec broche de terre et securite-enfants, profondeur d encastrement 28,5 mm, socle et set de finition white | F91: 400000 | G91: 434300 | H91: 133000 | I91: 2312000 | J91: 180000 | K91: 20.00 | L91: 0.00000 | M91: 0.00000 | N91: 0.00000 | P91: 578000 | Q91: 2312000 | R91: 0.06 | U91: P
A92: 190009 | B92: =IFERROR(INDEX(Export!B:B,MATCH('Lignes des factures'!A92,Export!A:A,0)),"") -> grar | E92: Eco-taxe | F92: 400000 | G92: 0.01000 | H92: 100000 | I92: 0.04000 | J92: 180000 | K92: 20.00 | L92: 0.00000 | M92: 0.00000 | N92: 0.00000 | P92: 0.01000 | Q92: 0.04000 | R92: 0.06 | U92: P
A93: 190009 | B93: =IFERROR(INDEX(Export!B:B,MATCH('Lignes des factures'!A93,Export!A:A,0)),"") -> grar | D93: NIK 101-76700 | E93: Original white plaque de recouvrement triple, entraxe 71mm | F93: 200000 | G93: 374400 | H93: 133000 | I93: 996000 | J93: 180000 | K93: 20.00 | L93: 0.00000 | M93: 0.00000 | N93: 0.00000 | P93: 498000 | Q93: 996000 | R93: 0.06 | U93: P
A94: 190009 | B94: =IFERROR(INDEX(Export!B:B,MATCH('Lignes des factures'!A94,Export!A:A,0)),"") -> grar | D94: INDALRLV830WD | E94: Indal spot encastré led ip44 9w 820lm 3000k blanc dim + driver | F94: 400000 | G94: 3402000 | H94: 133000 | I94: 18100000 | J94: 180000 | K94: 20.00 | L94: 0.00000 | M94: 0.00000 | N94: 0.00000 | P94: 4525000 | Q94: 18100000 | R94: 0.06
A95: 190009 | B95: =IFERROR(INDEX(Export!B:B,MATCH('Lignes des factures'!A95,Export!A:A,0)),"") -> grar | D95: INDALIPRLV830W | E95: Indal spot encastré led ip65 6w 650lm 3000k blanc + driver | F95: 400000 | G95: 3564000 | H95: 133000 | I95: 18960000 | J95: 180000 | K95: 20.00 | L95: 0.00000 | M95: 0.00000 | N95: 0.00000 | P95: 4740000 | Q95: 18960000 | R95: 0.06
A96: 190010 | B96: =IFERROR(INDEX(Export!B:B,MATCH('Lignes des factures'!A96,Export!A:A,0)),"") -> aaaa | F96: 0.00000 | G96: 0.00000 | H96: 0.00000 | I96: 0.00000 | J96: 0.00000 | K96: 0.00 | L96: 0.00000 | M96: 0.00000 | N96: 0.00000 | P96: 0.00000 | Q96: 0.00000
A97: 190010 | B97: =IFERROR(INDEX(Export!B:B,MATCH('Lignes des factures'!A97,Export!A:A,0)),"") -> aaaa | D97: LUCI-12219-02-30 | E97: APPLIQUE MURALE ALUMINIUM OVALIS - NOIR | F97: 200000 | G97: 3400000 | H97: 133000 | I97: 9044000 | J97: 180000 | K97: 20.00 | L97: 0.00000 | M97: 0.00000 | N97: 0.00000 | P97: 4522000 | Q97: 9044000 | R97: 0.06
A98: 190010 | B98: =IFERROR(INDEX(Export!B:B,MATCH('Lignes des factures'!A98,Export!A:A,0)),"") -> aaaa | E98: AMPOULE LEDCL40W B35 E14 | F98: 400000 | G98: 702000 | H98: 133000 | I98: 3736000 | J98: 180000 | K98: 20.00 | L98: 0.00000 | M98: 0.00000 | N98: 0.00000 | P98: 934000 | Q98: 3736000 | R98: 0.06
A99: 190010 | B99: =IFERROR(INDEX(Export!B:B,MATCH('Lignes des factures'!A99,Export!A:A,0)),"") -> aaaa | E99: DIVERS | F99: 100000 | G99: 500000 | H99: 0.80000 | I99: 400000 | J99: 180000 | K99: 20.00 | L99: 0.00000 | M99: 0.00000 | N99: 0.00000 | P99: 400000 | Q99: 400000 | R99: 0.06
A100: 190010 | B100: =IFERROR(INDEX(Export!B:B,MATCH('Lignes des factures'!A100,Export!A:A,0)),"") -> aaaa | E100: PARKING | F100: 100000 | G100: 1000000 | H100: 0.40000 | I100: 400000 | J100: 180000 | K100: 20.00 | L100: 0.00000 | M100: 0.00000 | N100: 0.00000 | P100: 400000 | Q100: 400000 | R100: 0.06
A101: 190010 | B101: =IFERROR(INDEX(Export!B:B,MATCH('Lignes des factures'!A101,Export!A:A,0)),"") -> aaaa | D101: ENSEMO | E101: MAIN D'OEUVRE | F101: 200000 | G101: 0.00000 | H101: 133000 | I101: 0.00000 | J101: 180000 | K101: 20.00 | L101: 100000 | M101: 200000 | N101: 7200000 | P101: 3600000 | Q101: 7200000 | R101: 0.06 | U101: P
A102: 190011 | B102: =IFERROR(INDEX(Export!B:B,MATCH('Lignes des factures'!A102,Export!A:A,0)),"") -> PARDE | F102: 0.00000 | G102: 0.00000 | H102: 0.00000 | I102: 0.00000 | J102: 0.00000 | K102: 0.00 | L102: 0.00000 | M102: 0.00000 | N102: 0.00000 | P102: 0.00000 | Q102: 0.00000
A103: 190011 | B103: =IFERROR(INDEX(Export!B:B,MATCH('Lignes des factures'!A103,Export!A:A,0)),"") -> PARDE | D103: LUX 91021 | E103: DÉTECTEUR DE MOUVEMENT EXTÉRIEUR 140°, PORTÉE 12M, AVEC ANTI-REPTATION, NOIR | F103: 400000 | G103: 3672600 | H103: 133000 | I103: 19540000 | J103: 180000 | K103: 20.00 | L103: 0.00000 | M103: 0.00000 | N103: 0.00000 | P103: 4885000 | Q103: 19540000 | R103: 0.06 | U103: P
A104: 190011 | B104: =IFERROR(INDEX(Export!B:B,MATCH('Lignes des factures'!A104,Export!A:A,0)),"") -> PARDE | E104: ECO-TAXE | F104: 400000 | G104: 0.04130 | H104: 100000 | I104: 0.16000 | J104: 180000 | K104: 20.00 | L104: 0.00000 | M104: 0.00000 | N104: 0.00000 | P104: 0.04000 | Q104: 0.16000 | R104: 0.06 | U104: P
A105: 190011 | B105: =IFERROR(INDEX(Export!B:B,MATCH('Lignes des factures'!A105,Export!A:A,0)),"") -> PARDE | D105: PHI 69769133 | E105: AMORCEUR TL STARTER 220-240V 4W 65W | F105: 300000 | G105: 0.64050 | H105: 133000 | I105: 255000 | J105: 180000 | K105: 20.00 | L105: 0.00000 | M105: 0.00000 | N105: 0.00000 | P105: 0.85000 | Q105: 255000 | R105: 0.06 | U105: P
...

Sheet Export
A1: N° de la facture | B1: Client | C1: Date de facturation | D1: Échéance | E1: Conditions | F1: Site | G1: Message affiché sur le relevé de situation | H1: Article (produit/service) | I1: Description | J1: Quantité | K1: Prix unitaire | L1: Montant de l'article | M1: Taux de TVA | N1: Montant de TVA
A2: 190001 | B2: aaaa | C2: 43467 | D2: 43467 | I2: Conformité Eden City, 23 | K2: 599.36 | L2: 599.36 | M2: 0.06 | N2: 35.96
A3: 190002 | B3: aba | C3: 43467 | D3: 43467 | I3: Dépannage luminaire sdb | K3: 89.61 | L3: 89.61 | M3: 0.06 | N3: 5.38
A4: 190003 | B4: bcdez | C4: 43475 | D4: 43475 | I4: Conformité Charlène | K4: 1444.13 | L4: 1444.13 | M4: 0.06 | N4: 86.65
A5: 190004 | B5: thgarreah | C5: 43492 | D5: 43492 | I5: DIVERS | K5: 2318 | L5: 2318 | M5: 0 | N5: 0
A6: 190005 | B6: grg | C6: 43524 | D6: 43524 | I6: Dépannage Parlophonie | K6: 144 | L6: 144 | M6: 0.06 | N6: 8.64
A7: 190006 | B7: VBE | C7: 43512 | D7: 43512 | I7: DIVERS | K7: 1855.66 | L7: 1855.66 | M7: 0 | N7: 0
A8: 190007 | B8: raehrhr | C8: 43518 | D8: 43518 | I8: 7 lights wired and fitted into the ceiling | K8: 167.5 | L8: 167.5 | M8: 0.06 | N8: 9.3
A9: 190008 | B9: VBE | C9: 43528 | D9: 43528 | I9: Luminaire appartement 3eme avant | K9: 929.22 | L9: 929.22 | M9: 0.06 | N9: 55.75
A10: 190009 | B10: grar | C10: 43528 | D10: 43528 | I10: Spots + Prises appartement 1er arrière | K10: 639.92 | L10: 639.92 | M10: 0.06 | N10: 38.4
A11: 190010 | B11: aaaa | C11: 43528 | D11: 43528 | I11: Luminaire appartement 3eme avant | K11: 207.8 | L11: 207.8 | M11: 0.06 | N11: 12.47
A12: 190011 | B12: PARDE | C12: 43530 | D12: 43530 | I12: Détecteurs caves + remplacements lampes | K12: 458.25 | L12: 458.25 | M12: 0.06 | N12: 27.5
A13: 190012 | B13: gkllg | C13: 43546 | D13: 43546 | I13: 4x "3-way" switches | K13: 61.61 | L13: 61.61 | M13: 0.06 | N13: 3.48
... A53: 190052 | B53: bbbbb | C53: 43818 | D53: 43818 | I53: Installation Photovoltaïque | K53: 6820.37 | L53: 6820.37 | M53: 0.06 | N53: 409.22
